 Dungeon Crawl Stone Soup version 0.29-a0-553-g81b289dbe5 (webtiles) character file.

Game seed: 124840210654265283

143 grumblor the Skirmisher (level 5, -3/42 HPs)
             Began as a Mummy Fighter on June 6, 2022.
             Slain by a gnoll
             ... wielding a +0 halberd
              (4 damage)
             ... on level 4 of the Dungeon.
             The game lasted 00:03:16 (3142 turns).

grumblor the Skirmisher (Mummy Fighter)             Turns: 3142, Time: 00:03:17

Health: -3/42      AC:  6    Str: 22    XL:     5   Next: 4%
Magic:  5/5        EV:  9    Int:  7    God:
Gold:   116        SH:  5    Dex: 17    Spells: 4/4 levels left

rFire   x . .      SeeInvis .   a - +0 war axe
rCold   + . .      Faith    .   c - +0 buckler
rNeg    + + +      Spirit   .   b - +0 scale mail
rPois   ∞          Reflect  .   (no helmet)
rElec   .          Harm     .   (no cloak)
rCorr   .          Rampage  .   (no gloves)
Will    .....                   (no boots)
Stlth   ..........              (no amulet)
HPRegen 0.14/turn               d - +6 ring of dexterity
MPRegen 0.09/turn               (no ring)

@: no status effects
A: cold resistance 1, negative energy resistance 3, torment resistance 2, heat
vulnerability 1, in touch with death 1, no potions
a: no special abilities


You were on level 4 of the Dungeon.
You visited 1 branch of the dungeon, and saw 4 of its levels.

You collected 116 gold pieces.

Inventory:

Hand Weapons
 a - a +0 war axe (weapon)
Missiles
 e - 3 poisoned darts (quivered)
 i - 2 boomerangs
Armour
 b - a +0 scale mail (worn)
 c - a +0 buckler (worn)
 h - a +0 pair of gloves
Jewellery
 d - a +6 ring of dexterity (left hand)
Scrolls
 f - a scroll of teleportation
 g - 2 scrolls of identify


   Skills:
 * Level 4.2 Fighting
 + Level 3.1 Axes
 * Level 1.3 Throwing
 - Level 2.4 Armour
 - Level 2.4 Shields


You had 4 spell levels left.
You didn't know any spells.
Your spell library contained the following spells:

 Spells                   Type           Power      Damage    Failure   Level
 Blink                    Tloc           0%         N/A       94%         2
 Lesser Beckoning         Tloc           0%         N/A       99%         3
 Summon Lightning Spire   Summ/Air       0%         N/A       100%        4
 Manifold Assault         Tloc           0%         N/A       100%        5
 Maxwell's Capacitive Co  Air            0%         ∞         100%        8
 Storm Form               Tmut/Air       Unusable   N/A       N/A         7

Dungeon Overview and Level Annotations

Branches:
Dungeon (4/15)
 Temple: D:4-7

Altars:
Trog

Shops:
D:1 [   D:4 *

Annotations:
D:4 1 runed translucent door, Crazy Yiuf


Innate Abilities, Weirdness & Mutations

You are immune to poison.
Your flesh is cold resistant. (rC+)
You are immune to negative energy. (rN+++)
You are immune to unholy pain and torment.
You are vulnerable to heat. (rF-)
You are in touch with the powers of death.
You do not drink.


Message History

The worm bites you.
* * * LOW HITPOINT WARNING * * *
You slash the worm!
You kill the worm!
Okay, then.
Found Uvyuk's CLEARANCE SALE!.
There is an entrance to Uvyuk's CLEARANCE SALE! here.
There is an escape hatch in the ceiling here.
Found 10 stones.
Found a short sword.
You see here 10 stones.
You see here a +0 short sword. 2 gnolls come into view.
The gnoll shouts! x2; You hear a shout!
A gnoll comes into view. It is wielding a +0 club.
A gnoll comes into view. It is wielding a +0 whip.
The gnoll shouts! x2
The gnoll completely misses you.
You hit the gnoll but do no damage. x2; The gnoll hits you with a +0 halberd!
The gnoll hits you with a +0 club. The gnoll hits you with a +0 halberd!
The gnoll barely misses you.
You slash the gnoll!
The gnoll is severely wounded.
You hit the gnoll. You hit the gnoll but do no damage.
The gnoll barely misses you. The gnoll hits you but does no damage.
You slash the gnoll!
You kill the gnoll!
You hit the gnoll but do no damage. You hit the gnoll.
You closely miss the gnoll. The gnoll hits you with a +0 halberd.
The gnoll hits you but does no damage. The gnoll hits you with a +0 whip.
The gnoll hits you but does no damage. The gnoll hits you with a +0 club.
* * * LOW HITPOINT WARNING * * *
The gnoll hits you with a +0 halberd!
* * * LOW HITPOINT WARNING * * *
You have reached level 5!
You feel stronger.
You are too injured to fight recklessly!
Unknown command.
The gnoll attacks as you move away! The gnoll hits you with a +0 halberd.
You die...

##.## ##..
#..# #...
#..## ...##
##..# # ...#
##..#
##.###..#
#.#.#
##....#..##
###..
#.....)#..#
##.
#.....g@..#
#.
......gg#)##
#.
.......##..#
## .......
#(.# #
#......
##.## #
#.....# #..#
##.... ##.#
##..# #.##
#..#


You could see 3 gnolls.

Vanquished Creatures
  An orc wizard (D:4)
  A gnoll (D:4)
  2 adders
  3 worms
  4 dart slugs
  6 orcs
  6 endoplasms
  3 giant cockroaches
  9 goblins
  3 hobgoblins
  4 jackals (D:2)
  3 kobolds
  A quokka (D:2)
  5 ball pythons
  7 bats
  3 frilled lizards
  4 rats
65 creatures vanquished.

Notes
Turn   | Place    | Note
-------+----------+-------------------------------------------
     0 | D:1      | grumblor the Mummy Fighter began the quest for the Orb.
     0 | D:1      | Reached XP level 1. HP: 18/18 MP: 1/1
   152 | D:1      | Found Doucor Woi's Armour Emporium.
   326 | D:1      | Reached XP level 2. HP: 24/24 MP: 2/2
  1029 | D:2      | Gained mutation: You are in touch with the powers of death.
                  | [Mummy growth]
  1029 | D:2      | Reached XP level 3. HP: 30/30 MP: 3/3
  1332 | D:2      | Found a bloodstained altar of Trog.
  1443 | D:2      | Reached skill level 1 in Throwing
  1803 | D:3      | Reached XP level 4. HP: 35/37 MP: 4/4
  1892 | D:3      | Reached skill level 4 in Fighting
  2244 | D:3      | Found a bloodstained altar of Trog.
  2658 | D:4      | Found a runed translucent door.
  2659 | D:4      | Noticed Crazy Yiuf
  3106 | D:4      | Found Uvyuk's CLEARANCE SALE!.
  3141 | D:4      | HP: 1/37 [gnoll/+0 halberd (8)]
  3142 | D:4      | Reached XP level 5. HP: 1/42 MP: 5/5
  3142 | D:4      | Slain by a gnoll

Illustrated notes

Levels and vault maps discovered:
D:1:      dpeg_arrival_radiant, layout_basic, serial_shops,
          nicolae_shop_statue_plus
D:2:      layout_rooms, basic_altar
D:3:      layout_basic, lightli_temple_of_fire
D:4:      layout_cave_pods, kennysheep_little_box,
          mainiacjoe_overflow_tiny_flanked, serial_glass, glass_columns_a,
          glass_columns_a, glass_columns_c, glass_columns_c, glass_columns_a,
          glass_columns_a, glass_columns_c, glass_columns_c, dk_noncrumbling_3,
          glass_columns_c, nicolae_shop_clearance, uniq_crazy_yiuf_cottage,
          uniq_grinder

Skill      XL: |  1  2  3  4 |
---------------+-------------+-----
Axes           | 2 3 |  3.1
Throwing       | 1 |  1.3
Fighting       | 4 |  4.2
Armour         | |  2.4
Shields        | |  2.4

Action                   |  1- 3 |  4- 6 || total
-------------------------+-------+-------++-------
Melee: War axe           |   114 |    59 ||   173
  Use: Scroll            |     5 |       ||     5
Armor: Scale mail        |    57 |    30 ||    87
Dodge: Dodged            |    44 |    32 ||    76
Block: Buckler           |    37 |    21 ||    58

Table legend: (Time is in decaauts)
 A = Elapsed time spent in this place.
 B = Non-inter-level travel time spent in this place.
 C = Inter-level travel time spent in this place.
 D = Time resting spent in this place.
 E = Time spent auto-exploring this place.
 F = Levels seen in this place.
 G = Mean time per level.
                   A        B        C        D        E       F      G
               +--------+--------+--------+--------+--------+-----+--------+
         Total |   3216 |   3112 |    104 |      0 |   2620 |   4 |  804.0 |
       Dungeon |   3216 |   3112 |    104 |      0 |   2620 |   4 |  804.0 |
               +--------+--------+--------+--------+--------+-----+--------+

Top non-repeatable levels by time:
     D:1: 1013 daAuts
     D:3: 919 daAuts
     D:2: 729 daAuts
     D:4: 553 daAuts
